 Dungeon Crawl Stone Soup version 0.8.0-a0-5688-g88c278f character file.

1574225 clouded the Heavyweight Champion (level 24, 217/217 (221) HPs)
             Began as a Troll Hunter on Mar 13, 2011.
             Was a High Priest of Trog.
             Escaped with the Orb
             ... and 3 runes (of 3 types)!
             The game lasted 05:44:23 (67926 turns).

clouded the Heavyweight Champion (Troll Hunter)    Turns: 67926, Time: 05:44:23

HP 217/217 (221) AC 24     Str 28 (29) Exp: 24/867314 (16741), need: 121185
MP   9/9         EV 12     Int  3 (5)  God: Trog [*****.]
Gold 853         SH 37     Dex 18      Spells:  0 memorised, 25 levels left

Res.Fire  : + + .   See Invis. : +     - Unarmed
Res.Cold  : + + .   Warding    : . . y - +10 storm dragon armour
Life Prot.: . . .   Conserve   : +   j - -1 elf large shield {rflct}
Res.Acid. : . . .   Res.Corr.  : .   q - +0 mask of the Dragon {MR Acc+2 Dam+2 SInv
Res.Poison: +       Clarity    : .   U - +2 cloak of Byefena {rF+ Dam+3}
Res.Elec. : +       Spirit.Shd : .   (gloves unavailable)
Sust.Abil.: . .     Stasis     : .   (boots unavailable)
Res.Mut.  : .       Ctrl.Telep.: +   C - amulet of Nobility {Cons MR Str+3 Stlth++}
Res.Rott. : .       Levitation : .   e - ring of teleport control
Gourmand  : +       Ctrl.Flight: .   Q - ring "Dios" {rPois rF+ rC++}

@: exhausted, slowed, very slow, extraordinarily resistant to hostile
enchantments, extremely unstealthy
A: unfitting armour, claws 3, berserk 1, deformed body 1, deterioration 1, fast
metabolism 3, gourmand, -30% mp, regeneration 2, saprovore 2, screaming 3, tough
skin 2, slowness 1, AC +1, Str -1, Int -2
a: Burn Spellbooks, Berserk, Trog's Hand, Brothers in Arms, Renounce Religion


You escaped.
You worshipped Trog.
Trog was extremely pleased with you.
You were not hungry.

You visited 11 branches of the dungeon, and saw 74 of its levels.
You visited 1 Labyrinth.
You visited 3 portal chambers: sewer, bailey, ice cave.

You collected 6077 gold pieces.
You spent 5244 gold pieces at shops.

Inventory:

Hand weapons
 F - a +0 blowgun
Missiles
 o - 8 curare-tipped +3 needles {god gift, !f}
 Z - 3 +3 large rocks (quivered)
Armour
 j - a -1 elven large shield of reflection (worn)
 q - the +0 mask of the Dragon (worn) {MR Acc+2 Dam+2 SInv}
   (You bought it in a shop on level 23 of the Dungeon)

   It affects your accuracy (+2).
   It affects your damage-dealing abilities (+2).
   It increases your resistance to enchantments.
   It enhances your eyesight.
 y - a +10 storm dragon armour (worn)
 U - the +2 cloak of Byefena (worn) {rF+ Dam+3}
   (You bought it in a shop on level 23 of the Dungeon)

   It affects your damage-dealing abilities (+3).
   It protects you from fire.
Magical devices
 b - a wand of disintegration (10)
 c - a wand of healing (8)
 h - a wand of fire (3)
 n - a wand of healing (5)
 s - a wand of hasting (1)
 u - a wand of draining (6)
 E - a wand of digging (8)
 L - a wand of digging (15)
 P - a wand of hasting (8)
 S - a wand of cold (3)
 T - a wand of teleportation (9)
Comestibles
 a - 8 meat rations
 X - 11 royal jellies
Scrolls
 f - 4 scrolls of teleportation
 g - 5 scrolls of remove curse
 k - 6 scrolls of identify
 t - 2 scrolls of recharging
 x - 4 scrolls of fog
 A - 4 scrolls of blinking
 G - 2 scrolls of magic mapping
Jewellery
 d - an uncursed ring of sustenance
 e - a ring of teleport control (right hand)
 l - an uncursed ring of fire
 p - an uncursed ring of protection from cold
 r - the ring "Shamek" {+Blink rElec rC+ Int+2 Acc-1 Dam+4}
   (You bought it in a shop on level 1 of the Elven Halls)

   [ring of intelligence]

   It affects your intelligence (+2).
   It affects your accuracy (-1).
   It affects your damage-dealing abilities (+4).
   It protects you from cold.
   It insulates you from electricity.
   It lets you blink.
 B - an uncursed ring of sustenance
 C - the amulet of Nobility (around neck) {Cons MR Str+3 Stlth++}
   (You found it on level 5 of the Crypt)

   [amulet of conservation]

   It affects your strength (+3).
   It increases your resistance to enchantments.
   It makes you much more stealthy.
 D - the ring of Shaolin {EV+8}
   (You found it on level 11 of the Dungeon)

   [ring of evasion]

   It affects your evasion (+8).
 Q - the ring "Dios" (left hand) {rPois rF+ rC++}
   (You bought it in a shop on level 4 of the Vaults)

   [ring of poison resistance]

   It protects you from fire.
   It greatly protects you from cold.
Potions
 i - 9 potions of heal wounds
 m - 4 potions of speed
 v - 3 potions of resistance
 H - 3 potions of agility
 K - a potion of might
 N - 13 potions of healing
Magical staves
 M - a +1 rod of destruction [ice] (10/10)
   (You found it on level 20 of the Dungeon)
Orbs of Power
 I - the Orb of Zot
Miscellaneous
 w - a silver rune of Zot
 z - a barnacled rune of Zot
 O - a decaying rune of Zot You had 16741 experience left.


   Skills:
 + Level 14 Fighting
 + Level 12 Throwing
 + Level 8 Armour
 + Level 13 Dodging
 + Level 5 Stealth
 - Level 1 Stabbing
 + Level 14 Shields
 + Level 2 Traps & Doors
 * Level 27 Unarmed Combat
 + Level 1 Spellcasting
 + Level 1 Invocations
 + Level 2 Evocations


You had 25 spell levels left.
You didn't know any spells.

Dungeon Overview and Level Annotations

Branches:
Dungeon (27/27)            Temple (1/1) D:6             Orc (4/4) D:11
    Elf (4/5) Orc:4          Lair (8/8) D:13          Swamp (5/5) Lair:4
 Shoals (5/5) Lair:4        Slime (0/6) Lair:8         Hive (2/2) D:15
  Vault (8/8) D:19          Blade (0/1) Vault:5       Crypt (5/5) Vault:2
   Tomb (0/3) Crypt:3         Zot (5/5) D:27

Altars:
Fedhas
Kikubaaqudgha
Okawaru
Sif Muna
The Shining One
Trog
Vehumet
Xom

Shops:
D:6: ( D:11: +(//+ D:13: [*%* D:23: *[* Orc:4: [([= Elf:1: = Elf:4: ( Vault:3: ! Vault:4: = Vault:7: /

Portals:
Hell: D:19 D:21 D:22 D:23 D:24 D:25 D:26 D:27
Abyss: D:25 D:27 Crypt:1
Pan: D:23 D:24

Annotations
D:18 exclusion: downstairs
D:19 exclusions: lava snake and 1 more exclusion
D:26 exclusion: door
Shoals:5 exclusion: oklob plant
Vault:1 exclusion: 2 doors
Vault:5 exclusion: 3 doors


Innate Abilities, Weirdness & Mutations

You are too large for most types of armour.
You have claws for hands.
Your metabolism is lightning-fast.
You like to eat raw meat.
You heal very quickly.
You can eat rotten meat.
You are covered in fur (AC +1).
You have very tough skin (AC +2).
You tend to lose your temper in combat.
Armour fits poorly on your unusually shaped body.
Your body is slowly deteriorating.
You are dopey (Int -2).
Your magical capacity is extremely low (-30% MP).
You frequently scream uncontrollably.
You are weak (Str -1).
You cover ground slowly.


Message History

This wand has 15 charges left.
You are starving!
There is a staircase leading out of the dungeon here.
Eat which item? (? for menu, Esc to quit)
You finish eating.
That meat ration really hit the spot!
Are you sure you want to leave the Dungeon?
You have escaped!

# #.# #..###'#....#.#.# # #.#
#..#.#..^.}.#.#.# # #.#
#..#.#..#.).....# #
#.######..#.'.####.....# #
#.....##..#.#..#.......# #
#.....##..#<#....}.#.#.# #
#.....##..###'#....#.#.# #
#.....##..#...#..###.#.# #
#.....##....T...X....#.#
####.........############.######
................................
................................
####.######.#############.######
..##.# #.# #....# ..##.# #.#
#....# ..##.# #.# #....#
..##.######.##########....######


You could see a large abomination.

Vanquished Creatures
  2 orbs of fire (Zot:5)
  An ancient lich (Crypt:5)
  Saint Roka (Elf:4)
  Boris (4 times) (Vault:6 D:21 D:27 Shoals:4)
  Mennas (D:27)
  A Killer Klown (Zot:5)
  A golden dragon (Zot:4)
  3 liches
  16 Orb Guardians (Zot:5)
  Nikola (Elf:4)
  A titan (shapeshifter) (Vault:8)
  3 sphinxes
  8 shadow dragons
  Kirke (D:16)
  Agnes (D:16)
  5 storm dragons
  Frances (D:18)
  A draconian monk (Zot:5)
  Aizul (D:18)
  4 ghouls
  2 draconian scorchers
  2 bone dragons (Crypt:5)
  6 tentacled monstrosities
  5 frost giants
  Louise (Swamp:1)
  4 fire giants
  A draconian shifter (Zot:1)
  37 stone giants
  A red draconian (Zot:1)
  Jozef (Lair:3)
  A deep elf death mage (Vault:8)
  Azrael (Elf:4)
  2 black draconians
  A mottled draconian (Zot:1)
  3 yellow draconians
  3 pale draconians (Zot:5)
  8 ettins
  A minotaur (Lab)
  Snorg (Orc:4)
  24 vault guards (Vault:7)
  An ettin (shapeshifter) (Vault:7)
  2 dragons
  42 yaktaur captains
  A siren (Shoals:4)
  A titan skeleton (Crypt:1)
  A great orb of eyes (D:23)
  20 hydras
  5 storm dragon skeletons
  3 merfolk aquamancers (Shoals:5)
  Polyphemus (Shoals:2)
  2 ice dragons
  11 ogre magi
  Nessos (Elf:2)
  A shadow dragon zombie (Vault:8)
  A death yak (shapeshifter) (D:27)
  31 deep trolls
  A shadow dragon skeleton (D:23)
  2 stone giant zombies
  A ghost moth (shapeshifter) (Vault:8)
  A frost giant zombie (D:20)
  A deep troll (shapeshifter) (D:25)
  12 very ugly things
  3 fire giant zombies
  3 orc high priests (Orc:4)
  7 death yaks
  2 ghost moths (Zot:4)
  23 centaur warriors
  3 frost giant skeletons
  A fire giant skeleton (D:22)
  A hell knight (Vault:1)
  7 ice devils
  An alligator snapping turtle zombie (Crypt:2)
  7 stone giant skeletons
  A griffon (Lair:3)
  A shadow wraith (Crypt:5)
  52 skeletal warriors
  An elephant slug zombie (Crypt:3)
  A green draconian zombie (Crypt:1)
  4 iron trolls
  2 unseen horrors
  15 deep elf knights
  5 sea snakes
  8 hill giants
  2 iron troll zombies
  A giant amoeba (Lair:8)
  9 flayed ghosts
  A green draconian skeleton (Crypt:2)
  2 ice statues (Port)
  21 orc knights
  3 orc sorcerers
  2 necromancers
  A guardian serpent (D:24)
  A swamp dragon (shapeshifter) (Vault:8)
  A death yak skeleton (Crypt:5)
  A grey draconian skeleton (Crypt:4)
  5 swamp dragons (Swamp:5)
  2 humans (shapeshifter)
  A pale draconian skeleton (Crypt:3)
  2 guardian serpents (shapeshifter)
  A siren zombie (Crypt:4)
  3 harpies (Vault:2)
  A red wasp (shapeshifter) (D:27)
  A mottled draconian skeleton (Crypt:4)
  An iron troll skeleton (D:27)
  A Lorocyproca (D:1)
  A hellion (Vault:2)
  A statue (Elf:2)
  A sea snake skeleton (Crypt:3)
  8 dancing weapons (Vault:3)
  A harpy zombie (Crypt:3)
  2 cyclopes (shapeshifter) (Vault:7)
  2 phantasmal warriors
  A trapdoor spider (shapeshifter) (Vault:8)
  An alligator zombie (Crypt:5)
  A fire crab (D:20)
  A shining eye (Vault:5)
  2 moths of wrath
  A red wasp (D:24)
  10 cyclopes
  2 ice dragon zombies
  A sixfirhy (D:18)
  A stone golem (D:17)
  An elephant slug (Lair:7)
  4 weapon mimics
  5 spiny worms
  A harpy skeleton (D:20)
  A wolf spider (D:15)
  2 stair mimics
  A fountain mimic (Crypt:5)
  4 red wasp zombies
  An orange demon (Elf:3)
  A black mamba (shapeshifter) (Vault:7)
  A spiny worm zombie (Crypt:5)
  7 black mambas
  36 slime creatures
  A guardian serpent skeleton (D:20)
  2 trapdoor spiders
  23 elephants
  3 ettin skeletons
  2 griffon skeletons
  A door mimic (D:15)
  A hellwing (Elf:2)
  A moth of wrath (shapeshifter) (Elf:1)
  7 spiny frogs
  A hill giant zombie (D:12)
  6 rock trolls
  4 guardian mummies (Crypt:3)
  A dragon skeleton (Crypt:1)
  An emperor scorpion zombie (Crypt:1)
  A black mamba skeleton (Crypt:3)
  81 ugly things
  A rock troll (shapeshifter) (Vault:8)
  A hill giant skeleton (Crypt:5)
  69 yaktaurs
  5 komodo dragons
  2 smoke demons
  7 trolls
  Grinder (D:4)
  3 silent spectres
  4 mermaids
  A spriggan (shapeshifter) (D:15)
  18 two-headed ogres
  2 redbacks
  A raven skeleton (Crypt:5)
  15 blink frogs
  2 rock troll zombies
  11 snapping turtles
  A human skeleton (Crypt:1)
  A spiny frog zombie (Crypt:5)
  3 rock troll skeletons
  A snapping turtle zombie (Crypt:4)
  2 demonic crawlers (D:14)
  A dragon simulacrum (D:17)
  20 giant toads
  A wolf spider simulacrum (D:22)
  2 blink frog zombies
  8 blue devils (Port)
  2 redback zombies (D:27)
  A rotting hulk (Crypt:2)
  4 bumblebees (Vault:5)
  9 deep elf conjurers
  A hairy devil (Elf:2)
  A snapping turtle skeleton (Crypt:4)
  9 wraiths
  A draconian (shapeshifter) (D:19)
  4 vampires
  A ynoxinul (Orc:4)
  Edmund (D:4)
  Eustachio (D:9)
  An elephant skeleton (Crypt:5)
  The ghost of phyphor the Chopper, an average MDBe of Trog (D:4)
  15 merfolk
  2 merfolk (shapeshifter)
  A steam dragon (Lair:5)
  71 yaks
  2 hogs (D:16)
  2 fire crab zombies
  A clay golem (D:18)
  3 hungry ghosts
  25 deep elf fighters
  7 vampire mosquitoes
  11 deep elf summoners
  2 fire drake skeletons (Crypt:3)
  A yaktaur zombie (Crypt:3)
  7 manticores
  5 hippogriffs
  4 war dogs
  A komodo dragon zombie (Crypt:3)
  A giant slug zombie (Crypt:5)
  A mermaid zombie (Crypt:2)
  13 necrophages
  A cyclops zombie (Crypt:2)
  3 soldier ants
  4 fire drakes
  4 hell hounds (Elf:4)
  A rock worm (D:21)
  A mottled dragon (D:18)
  11 deep elf priests
  8 insubstantial wisps (Swamp:2)
  A komodo dragon skeleton (D:15)
  8 swamp worms
  A manticore zombie (D:13)
  3 bumblebee zombies
  4 cyclops skeletons
  3 giant goldfish
  A yak zombie (D:17)
  6 freezing wraiths
  43 orc warriors
  4 phantoms
  A troll zombie (Crypt:3)
  A beast (Orc:4)
  8 ice beasts
  10 swamp drakes
  7 gila monsters
  A yak skeleton (Crypt:2)
  A boring beetle (shapeshifter) (D:18)
  47 ogres
  5 wargs
  A boring beetle (Vault:5)
  33 centaurs
  3 boulder beetle zombies
  Sigmund (D:2)
  18 deep elf magi
  2 rotting devils
  7 crocodiles
  4 small abominations
  14 big kobolds
  A fire crab simulacrum (D:19)
  19 giant frogs
  A giant leech (shapeshifter) (Vault:6)
  7 giant slugs
  2 soldier ant zombies
  8 water moccasins
  A tarantella zombie (D:27)
  3 brain worms
  A two-headed ogre zombie (Crypt:1)
  11 agate snails
  2 water moccasin skeletons
  73 killer bees
  2 killer bee zombies
  13 boulder beetles
  A felid zombie (D:27)
  2 jellyfish
  A deep dwarf zombie (Crypt:3)
  A lava snake (D:26)
  40 wights
  2 big kobold zombies
  5 electric eels
  A gnome zombie (Crypt:4)
  A goliath beetle (D:15)
  A mottled dragon skeleton (Crypt:3)
  14 imps
  A demonspawn zombie (Crypt:2)
  2 quasits
  A gila monster skeleton (D:13)
  A big kobold skeleton (D:10)
  6 shadows
  5 hounds
  8 big fish
  A hound zombie (D:7)
  An iron imp (Elf:3)
  4 scorpions
  43 deep elf soldiers
  An elf (shapeshifter) (D:19)
  3 worker ant zombies
  3 hound skeletons
  44 orc priests
  50 orc wizards
  5 iguanas
  3 orange rats
  8 porcupines
  A naga skeleton (Crypt:1)
  8 worker ants
  14 sheep
  2 swamp drake skeletons
  Jessica (D:2)
  3 boggarts
  7 jellies
  A flying skull (Crypt:5)
  A mummy (D:14)
  5 gnolls
  2 lemures
  17 snakes
  A snake (shapeshifter) (D:17)
  7 giant centipedes
  68 green rats
  2 midges
  8 white imps (Port)
  2 iguana skeletons
  A sheep skeleton (Crypt:3)
  3 snake skeletons
  8 worms
  32 ufetubi
  4 grey rats
  A giant eyeball (D:18)
  2 megabat skeletons
  A megabat zombie (D:5)
  2 oozes
  201 orcs
  25 goblins
  24 hobgoblins
  11 jackals
  13 quokkas
  6 giant cockroaches
  A giant cockroach zombie (D:27)
  12 giant geckos
  A giant gecko zombie (D:27)
  15 giant newts
  2 giant newt zombies
  A grey rat skeleton (Crypt:5)
  A hobgoblin zombie (D:7)
  24 killer bee larvae
  56 kobolds
  4 kobold zombies (Crypt:1)
  32 megabats
  2 orc skeletons
  4 orc zombies
  A quokka skeleton (Crypt:5)
  A quokka zombie (D:27)
  29 rats
  A rat skeleton (Crypt:2)
  22 small snakes
  A small snake skeleton (Crypt:3)
  8 fungi
  6 plants
  2 toadstools
2532 creatures vanquished.

Vanquished Creatures (collateral kills)
  An orb of fire (Zot:5)
  An ancient lich (Zot:5)
  Mara (D:18)
  A pearl dragon (D:26)
  Xtahua (Vault:2)
  4 Orb Guardians (Zot:5)
  Rupert (Orc:3)
  A frost giant (D:26)
  Donald (Orc:3)
  Terpsichore (Vault:3)
  A tentacled monstrosity (Vault:8)
  2 stone giants
  A dragon (Vault:1)
  2 yaktaur captains
  3 merfolk javelineers (Shoals:5)
  Erica (Orc:3)
  A hydra (Lair:7)
  5 death yaks
  An orc high priest (Orc:4)
  2 merfolk impalers (Shoals:5)
  A frost giant zombie (D:20)
  A centaur warrior (D:18)
  3 hell knights (Vault:1)
  A flayed ghost (D:20)
  A harpy (Vault:2)
  An orc knight (Vault:7)
  An orc sorcerer (Orc:4)
  A red wasp (Vault:2)
  4 dancing weapons (Vault:3)
  6 yaktaurs
  3 slime creatures (Vault:1)
  A mermaid (Shoals:5)
  7 ugly things
  A smoke demon (Orc:4)
  A snapping turtle (Shoals:5)
  4 two-headed ogres (Vault:1)
  A fire drake (Lair:7)
  4 deep elf fighters
  A manticore (Shoals:5)
  5 orc warriors
  5 centaurs
  3 ogres (Vault:1)
  A boring beetle (Vault:6)
  A wolf (Lair:5)
  A boring beetle zombie (Vault:2)
  A giant frog (D:13)
  5 orc priests
  2 deep elf soldiers
  6 orc wizards
  6 green rats (Lair:5)
  10 orcs (Orc:3)
  A megabat (Vault:1)
122 creatures vanquished.

Vanquished Creatures (others)
  A stone giant (Shoals:5)
  A deep troll (Zot:5)
  A troll (Vault:3)
  A two-headed ogre (Orc:4)
  23 slime creatures
  A mermaid (Shoals:5)
  A giant toad (D:21)
  A merfolk (Shoals:5)
  2 centaurs (Vault:2)
  3 ogres
  A porcupine (Lair:3)
  A gnoll (D:13)
  A white imp (Port)
  An ufetubus (Port)
  2 jackals (D:25)
  A hobgoblin skeleton (D:4)
  6 killer bee larvae (Hive:2)
  A fungus (Elf:4)
  4 plants
  28 toadstools
81 creatures vanquished.

Grand Total: 2735 creatures vanquished

Notes
Turn   | Place    | Note
--------------------------------------------------------------
     0 | D:1      | clouded, the Troll Hunter, began the quest for the Orb.
     0 | D:1      | Reached XP level 1. HP: 16/16 MP: 0/0
   481 | D:1      | Reached skill level 2 in Unarmed Combat
   683 | D:2      | Noticed Sigmund
   688 | D:2      | Defeated Sigmund
   688 | D:2      | Reached XP level 2. HP: 14/23 MP: 0/0
   688 | D:2      | Reached XP level 3. HP: 18/30 MP: 1/1
   688 | D:2      | Reached XP level 4. HP: 22/37 MP: 1/1
   820 | D:2      | Noticed Jessica
   833 | D:2      | Defeated Jessica
  1033 | D:2      | Reached skill level 2 in Dodging
  1344 | D:2      | Reached skill level 3 in Unarmed Combat
  1600 | D:3      | Found a glowing golden altar of the Shining One.
  1829 | D:3      | Reached XP level 5. HP: 38/45 MP: 1/1
  1833 | D:3      | Reached skill level 2 in Fighting
  1855 | D:3      | Reached skill level 4 in Unarmed Combat
  1902 | D:3      | Reached skill level 4 in Throwing
  2482 | D:4      | Noticed phyphor's ghost (average MDBe)
  2490 | D:4      | Noticed Grinder
  2682 | D:4      | Defeated Grinder
  2682 | D:4      | Reached XP level 6. HP: 39/53 MP: 2/2
  2721 | D:4      | Reached skill level 5 in Throwing
  2754 | D:4      | Reached skill level 3 in Dodging
  2796 | D:4      | Reached skill level 5 in Unarmed Combat
  2892 | D:4      | Reached skill level 6 in Throwing
  3045 | D:4      | Defeated phyphor's ghost
  3045 | D:4      | Reached XP level 7. HP: 20/60 MP: 2/2
  3680 | D:4      | Noticed Edmund
  3694 | D:4      | Defeated Edmund
  3788 | D:5      | Entered Level 5 of the Dungeon
  4141 | D:5      | Reached skill level 6 in Unarmed Combat
  4164 | D:5      | Found a bloodstained altar of Trog.
  4185 | D:5      | Became a worshipper of Trog the Wrathful
  4429 | D:6      | Found Chatwen's Antique Weapon Emporium.
  4503 | D:6      | Found a staircase to the Ecumenical Temple.
  4509 | Temple   | Entered the Ecumenical Temple
  4532 | D:6      | Found a glowing drain. 4555
                  | sewer
                  | Entered the sewers 4561
                  | sewer
                  | Acquired Trog's first power 4741
                  | sewer
                  | Reached XP level 8. HP: 68/68 MP: 2/2 4792
                  | sewer
                  | Identified a +6 rod of destruction [inacc,magma,cold] (10/10) (You found it in the sewers)
  5156 | D:6      | Noticed a big kobold
  5156 | D:6      | Noticed a big kobold
  5156 | D:6      | Noticed a big kobold
  5156 | D:6      | Noticed a big kobold
  5156 | D:6      | Noticed a big kobold
  5156 | D:6      | Noticed a big kobold
  5156 | D:6      | Noticed a big kobold
  5156 | D:6      | Noticed a big kobold
  5156 | D:6      | Noticed a big kobold
  5163 | D:6      | Defeated a big kobold
  5168 | D:6      | Defeated a big kobold
  5177 | D:6      | Defeated a big kobold
  5183 | D:6      | Reached skill level 3 in Fighting
  5184 | D:6      | Defeated a big kobold
  5195 | D:6      | Reached skill level 4 in Dodging
  5197 | D:6      | Reached skill level 7 in Unarmed Combat
  5198 | D:6      | Defeated a big kobold
  5205 | D:6      | Defeated a big kobold
  5211 | D:6      | Defeated a big kobold
  5211 | D:6      | Acquired Trog's second power
  5216 | D:6      | Defeated a big kobold
  5223 | D:6      | Defeated a big kobold
  5778 | D:6      | Reached skill level 1 in Stealth
  5792 | D:6      | Reached skill level 8 in Unarmed Combat
  5871 | D:7      | Found a radiant altar of Vehumet.
  5934 | D:7      | Reached XP level 9. HP: 64/77 MP: 3/3
  6245 | D:7      | Found a bloodstained altar of Trog.
  6542 | D:7      | Reached skill level 9 in Unarmed Combat
  6823 | D:8      | Reached skill level 5 in Dodging
  6889 | D:8      | Reached skill level 4 in Fighting
  7134 | D:8      | Acquired Trog's third power
  7511 | D:9      | Reached skill level 10 in Unarmed Combat
  7611 | D:9      | Reached XP level 10. HP: 84/87 MP: 3/3
  7624 | D:9      | Reached skill level 2 in Stealth
  7772 | D:9      | Reached skill level 6 in Dodging
  7872 | D:9      | Found a flagged portal. 7914
                  | bailey
                  | Entered the bailey
  8015 | D:9      | Reached skill level 5 in Fighting
  8019 | D:9      | Reached skill level 11 in Unarmed Combat
  8046 | D:10     | Entered Level 10 of the Dungeon
  8230 | D:10     | Noticed Eustachio
  8264 | D:9      | Defeated Eustachio
  8286 | D:10     | Reached skill level 7 in Throwing
  8695 | D:10     | Noticed Grum
  8805 | D:11     | Reached skill level 12 in Unarmed Combat
  8933 | D:11     | Reached skill level 7 in Dodging
  8988 | D:11     | Found Zuoledim's Magical Wand Shop.
  9001 | D:11     | Found Chaupt's Antique Weapon Boutique.
  9016 | D:11     | Received a gift from Trog
  9049 | D:11     | Got a jade ring
  9058 | D:11     | Found a staircase to the Orcish Mines.
  9198 | D:11     | Found Zecyrig's Book Emporium.
  9411 | D:11     | Found Waifitatt's Book Boutique.
  9480 | D:11     | Found Sisu's Magical Wand Boutique.
  9528 | D:11     | Reached XP level 11. HP: 97/97 MP: 3/3
 10771 | D:12     | Reached skill level 6 in Fighting
 10782 | D:12     | Reached skill level 13 in Unarmed Combat
 11123 | D:13     | Noticed an agate snail
 11136 | D:13     | Received a gift from Trog
 11157 | D:13     | Defeated an agate snail
 11186 | D:13     | Found a staircase to the Lair.
 11187 | D:13     | Found Stroaresch's General Store.
 11233 | D:13     | Bought a scroll of immolation for 1 gold piece
 11249 | Lair:1   | Entered Level 1 of the Lair of Beasts
 11476 | Lair:1   | Reached skill level 8 in Throwing
 12068 | Lair:1   | Reached skill level 8 in Dodging
 12500 | Lair:2   | Reached XP level 12. HP: 98/107 MP: 4/4
 12543 | Lair:2   | Received a gift from Trog
 12548 | Lair:2   | Got a twisted crossbow {god gift}
 12671 | Lair:2   | Reached skill level 14 in Unarmed Combat
 12861 | Lair:2   | Reached skill level 9 in Throwing
 13020 | Lair:2   | Identified the crossbow of Misery {god gift, venom, Stlth++} (Trog gifted it to you on level 2 of the Lair of Beasts)
 13224 | Lair:3   | Identified a scroll of acquirement
 13268 | Lair:3   | Noticed Jozef
 13279 | Lair:3   | Defeated Jozef
 13540 | Lair:2   | Reached skill level 1 in Shields
 13576 | Lair:2   | Reached skill level 2 in Shields
 13603 | Lair:2   | Reached skill level 3 in Stealth
 13745 | Lair:2   | Reached skill level 3 in Shields
 13988 | Lair:3   | Reached skill level 4 in Shields
 14377 | Lair:3   | Received a gift from Trog
 14741 | Lair:4   | Found a staircase to the Shoals.
 14742 | Lair:4   | Reached skill level 7 in Fighting
 14854 | Lair:4   | You fall through a shaft!
 15061 | Lair:6   | Noticed a redback
 15067 | Lair:6   | Defeated a redback
 15141 | Lair:6   | Reached skill level 5 in Shields
 15270 | Lair:5   | Received a gift from Trog
 15319 | Lair:4   | Found a staircase to the Swamp.
 15825 | Lair:5   | Received a gift from Trog
 15838 | Lair:5   | Reached XP level 13. HP: 116/116 MP: 4/4
 16078 | Lair:5   | Reached skill level 6 in Shields
 16186 | Lair:5   | Received a gift from Trog
 16526 | Lair:5   | Reached skill level 15 in Unarmed Combat
 16903 | Lair:6   | Got a slimy bone ring
 16904 | Lair:6   | Identified the ring of Latuasolae (You found it on level 6 of the Lair of Beasts)
 16918 | Lair:6   | Received a gift from Trog
 17319 | Lair:6   | Reached skill level 1 in Traps & Doors
 18104 | Lair:7   | Received a gift from Trog
 18226 | Lair:7   | Reached skill level 10 in Throwing
 18419 | Lair:8   | Entered Level 8 of the Lair of Beasts
 18495 | Lair:8   | Reached skill level 8 in Fighting
 18506 | Lair:8   | Received a gift from Trog
 18694 | Lair:8   | Found a staircase to the Slime Pits.
 19303 | Lair:8   | Reached XP level 14. HP: 126/126 MP: 4/4
 19377 | Lair:8   | Received a gift from Trog
 19682 | D:13     | Reached skill level 7 in Shields
 19746 | D:13     | Reached skill level 9 in Dodging
 19881 | D:13     | Found Bec Poem's Antique Armour Shoppe.
 20240 | D:13     | Found Vayrrulu's General Store.
 20397 | D:13     | Reached skill level 16 in Unarmed Combat
 20456 | D:13     | Found Ghias' Food Shoppe.
 20587 | Orc:1    | Entered Level 1 of the Orcish Mines
 20720 | Orc:1    | Received a gift from Trog
 20836 | Orc:3    | Noticed Rupert
 20836 | Orc:3    | Noticed Donald
 20845 | Orc:3    | Noticed Erica
 20845 | Orc:3    | Defeated Rupert
 20850 | Orc:3    | Defeated Donald
 20854 | Orc:3    | Defeated Erica
 20865 | Orc:3    | Received a gift from Trog
 21040 | Orc:4    | Entered Level 4 of the Orcish Mines
 21040 | Orc:4    | Found a staircase to the Elven Halls.
 21105 | Orc:4    | Received a gift from Trog
 21244 | Orc:4    | Received a gift from Trog
 21256 | Orc:4    | Noticed an orc high priest
 21302 | Orc:4    | Noticed an orc high priest
 21341 | Orc:4    | Noticed an orc high priest
 21361 | Orc:4    | Defeated an orc high priest
 21393 | Orc:4    | Found Skohasir's Antique Weapon Shoppe.
 21396 | Orc:4    | Found Yprijec's Armour Shoppe.
 21398 | Orc:4    | Found Kaduw's Armour Emporium.
 21409 | Orc:4    | Found Vaopaplia's Jewellery Emporium.
 21505 | Orc:4    | Noticed an orc high priest
 21548 | Orc:4    | Defeated an orc high priest
 21678 | Orc:4    | Defeated an orc high priest
 21760 | Orc:4    | Bought an uncursed ring of fire for 520 gold pieces
 21920 | Orc:4    | Found a shimmering altar of Xom.
 21966 | Orc:4    | Noticed a two-headed ogre
 21977 | Orc:4    | Defeated a two-headed ogre
 22057 | Orc:4    | Defeated an orc high priest
 22394 | Orc:3    | Noticed Snorg
 22434 | Orc:4    | Defeated Snorg
 22487 | Orc:3    | Received a gift from Trog
 22612 | Orc:2    | Found a bloodstained altar of Trog.
 22814 | D:14     | Noticed a boulder beetle
 22818 | D:14     | Noticed a boulder beetle
 22849 | D:14     | Defeated a boulder beetle
 22870 | D:14     | Defeated a boulder beetle
 23319 | D:15     | Entered Level 15 of the Dungeon
 23717 | D:15     | Found a staircase to the Hive.
 23944 | D:15     | Reached skill level 8 in Shields
 24274 | D:16     | Received a gift from Trog
 24424 | D:16     | Reached skill level 4 in Stealth
 24435 | D:16     | Noticed Agnes
 24448 | D:16     | Defeated Agnes
 24524 | D:16     | Reached XP level 15. HP: 130/133 MP: 5/5
 24759 | D:16     | Reached skill level 9 in Fighting
 25186 | D:16     | Reached skill level 17 in Unarmed Combat
 25265 | D:16     | Noticed Kirke
 25285 | D:16     | Defeated Kirke
 26258 | D:18     | Noticed Mara
 26262 | D:18     | Noticed clouded's ghost (powerful TrHu)
 26263 | D:18     | Defeated Mara
 26305 | D:17     | Reached skill level 11 in Throwing
 26454 | D:18     | Noticed Aizul
 26481 | D:18     | Defeated Aizul
 26554 | D:18     | Received a gift from Trog
 27085 | D:18     | Noticed Frances
 27356 | D:18     | Defeated Frances
 27357 | D:18     | Reached skill level 9 in Shields
 27449 | D:18     | Reached skill level 10 in Dodging
 27479 | D:18     | Received a gift from Trog
 27479 | D:18     | Reached XP level 16. HP: 110/143 MP: 5/5
 27946 | D:19     | Got a transparent robe
 27970 | D:18     | Identified the cursed +0 robe of the Cicada (You found it on level 19 of the Dungeon)
 28380 | Orc:4    | Received a gift from Trog
 28796 | D:19     | Found a gateway to Hell.
 28858 | D:19     | Found a staircase to the Vaults.
 28874 | Vault:1  | Entered Level 1 of the Vaults
 28898 | Vault:1  | You fall through a shaft!
 29261 | Vault:2  | Noticed a deep elf priest
 29276 | Vault:2  | Defeated a deep elf priest
 29276 | Vault:2  | Received a gift from Trog
 29348 | Vault:2  | Found a staircase to the Crypt.
 29443 | Vault:1  | Reached skill level 18 in Unarmed Combat
 29448 | Vault:1  | Received a gift from Trog
 30459 | Vault:1  | Received a gift from Trog
 30837 | Vault:2  | Identified the ring of Shaolin {EV+8, } (You found it on level 11 of the Dungeon)
 30875 | Vault:2  | Noticed Xtahua
 30892 | Vault:2  | Defeated Xtahua
 31188 | Vault:3  | Reached skill level 10 in Fighting
 31220 | Vault:3  | Found Wotsauf's Distillery.
 31405 | Vault:3  | Noticed a short sword
 31407 | Vault:3  | Noticed Terpsichore
 31410 | Vault:3  | Noticed a war axe
 31410 | Vault:3  | Noticed a glowing morningstar
 31413 | Vault:3  | Defeated a short sword
 31416 | Vault:3  | Noticed a halberd
 31419 | Vault:3  | Defeated a glowing morningstar
 31423 | Vault:3  | Defeated a war axe
 31426 | Vault:3  | Defeated a halberd
 31426 | Vault:3  | Noticed a glowing morningstar
 31426 | Vault:3  | Noticed a war axe
 31426 | Vault:3  | Noticed a short sword
 31429 | Vault:3  | Defeated a war axe
 31432 | Vault:3  | Defeated a glowing morningstar
 31434 | Vault:3  | Noticed a runed elven scimitar
 31435 | Vault:3  | Defeated a short sword
 31436 | Vault:3  | Noticed a glowing morningstar
 31436 | Vault:3  | Noticed a war axe
 31436 | Vault:3  | Noticed a short sword
 31436 | Vault:3  | Noticed a halberd
 31443 | Vault:3  | Defeated a glowing morningstar
 31463 | Vault:3  | Defeated Terpsichore
 31464 | Vault:3  | Defeated a war axe
 31465 | Vault:3  | Defeated a short sword
 31465 | Vault:3  | Defeated a runed elven scimitar
 31466 | Vault:3  | Defeated a halberd
 31797 | Vault:3  | Reached XP level 17. HP: 154/154 MP: 5/5
 32022 | Vault:3  | Noticed a deep elf priest
 32031 | Vault:3  | Defeated a deep elf priest
 32032 | Vault:3  | Received a gift from Trog
 32040 | Vault:3  | Noticed a deep elf summoner
 32046 | Vault:3  | Defeated a deep elf summoner
 32799 | Vault:4  | Reached skill level 19 in Unarmed Combat
 32917 | Vault:4  | Found Pluasau's Jewellery Emporium.
 32945 | Vault:4  | Bought a cursed ring of hunger for 2 gold pieces
 32945 | Vault:4  | Bought the ring "Dios" {rPois rF+ rC++} for 1330 gold pieces
 33214 | Vault:4  | Reached skill level 10 in Shields
 33367 | Vault:4  | Received a gift from Trog
 33690 | Vault:4  | Reached skill level 1 in Evocations
 34005 | Vault:1  | Received a gift from Trog
 34681 | Vault:5  | Found a staircase to the Hall of Blades.
 34712 | Vault:5  | Noticed a deep elf mage
 34717 | Vault:5  | Defeated a deep elf mage
 34718 | Vault:5  | Noticed a deep elf conjurer
 34735 | Vault:5  | Defeated a deep elf conjurer
 34856 | Vault:5  | Noticed a shining eye
 34857 | Vault:5  | Gained mutation: Armour fits poorly on your unusually shaped body.
 34863 | Vault:5  | Defeated a shining eye
 35033 | Vault:5  | Received a gift from Trog
 35574 | Vault:5  | Reached XP level 18. HP: 162/162 MP: 6/6
 35591 | Vault:5  | Reached skill level 12 in Throwing
 36502 | Vault:6  | Reached skill level 11 in Dodging
 36948 | Vault:6  | Noticed Boris
 36969 | Vault:6  | Defeated Boris
 37098 | Vault:6  | Reached skill level 20 in Unarmed Combat
 37208 | Vault:6  | Got a blood-stained necklace
 37286 | Vault:6  | Received a gift from Trog
 37436 | Vault:6  | An emperor scorpion changed into a shining eye
 37575 | Vault:6  | Reached skill level 1 in Stabbing
 37802 | Vault:6  | Reached skill level 11 in Fighting
 37856 | Vault:6  | Received a gift from Trog
 38795 | Vault:5  | Reached skill level 5 in Stealth
 39055 | Hive:1   | Entered Level 1 of the Hive
 39092 | Hive:2   | Entered Level 2 of the Hive
 39106 | Hive:2   | Received a gift from Trog
 39531 | Hive:2   | Received a gift from Trog
 39897 | Lair:2   | Identified the cursed necklace of Bloodlust (You found it on level 6 of the Vaults)
 40646 | D:19     | Reached XP level 19. HP: 170/172 MP: 6/6
 40715 | D:20     | Entered Level 20 of the Dungeon
 40715 | D:20     | Found a labyrinth entrance.
 40735 | Lab      | Entered a Labyrinth
 41631 | D:20     | Found a frozen archway.
 41652 | IceCv    | Entered an ice cave
 41660 | IceCv    | Reached skill level 11 in Shields
 41892 | IceCv    | Received a gift from Trog
 42367 | D:20     | Received a gift from Trog
 42434 | D:20     | Noticed a deep elf conjurer
 42438 | D:20     | Defeated a deep elf conjurer
 42474 | D:20     | Identified a +1 rod of destruction [ice] (10/10) (You found it on level 20 of the Dungeon)
 42620 | D:21     | Noticed Boris
 42679 | D:21     | Received a gift from Trog
 42682 | D:21     | Reached skill level 21 in Unarmed Combat
 42877 | D:21     | Defeated Boris
 42956 | D:21     | Noticed a guardian serpent
 42962 | D:21     | Defeated a guardian serpent
 43334 | D:22     | Reached skill level 12 in Dodging
 43985 | D:22     | Received a gift from Trog
 44122 | D:23     | Found Goinn's Assorted Antiques.
 44142 | D:23     | Paralysed by a great orb of eyes for 3 turns
 44158 | D:23     | Found Paolocaqot's Armour Shop.
 44261 | D:23     | Bought the +2 cloak of Byefena {rF+ Dam+3} for 608 gold pieces
 44261 | D:23     | Bought a +1 cloak of magic resistance for 225 gold pieces
 45042 | D:23     | Received a gift from Trog
 45171 | D:23     | Found Yplie's Assorted Antiques.
 45230 | D:23     | Bought a blue mask for 292 gold pieces
 45233 | D:23     | Identified the +0 mask of the Dragon (You bought it in a shop on level 23 of the Dungeon)
 45369 | D:23     | Found a one-way gate leading to the halls of Pandemonium.
 45476 | D:23     | Received a gift from Trog
 45833 | D:24     | Received a gift from Trog
 45935 | D:24     | Reached XP level 20. HP: 163/181 MP: 6/6
 46156 | D:24     | Reached skill level 2 in Traps & Doors
 46457 | D:24     | Noticed a guardian serpent
 46461 | D:24     | Defeated a guardian serpent
 46461 | D:24     | Received a gift from Trog
 46668 | D:24     | Reached skill level 22 in Unarmed Combat
 46770 | D:25     | Entered Level 25 of the Dungeon
 47022 | D:25     | Found a one-way gate to the infinite horrors of the Abyss.
 47378 | D:23     | Bought a scroll of enchant armour for 187 gold pieces
 48686 | D:25     | Reached skill level 12 in Fighting
 48835 | D:25     | Reached skill level 12 in Shields
 49055 | D:26     | Reached skill level 1 in Armour
 49313 | D:26     | Received a gift from Trog
 49546 | D:26     | Reached skill level 2 in Armour
 49784 | D:27     | Entered Level 27 of the Dungeon
 49885 | D:27     | Reached skill level 1 in Spellcasting
 49898 | D:27     | Got a crude bronze ring
 49899 | D:27     | Identified the ring "Nedayt" (You found it on level 27 of the Dungeon)
 50451 | D:27     | Noticed Boris
 50466 | D:27     | Defeated Boris
 50476 | D:27     | Gained mutation: You occasionally shout uncontrollably.
 50477 | D:27     | Lost mutation: Armour fits poorly on your unusually shaped body.
 50832 | D:27     | Reached skill level 23 in Unarmed Combat
 50947 | D:27     | Noticed Mennas
 50983 | D:27     | Defeated Mennas
 51292 | D:27     | Reached skill level 3 in Armour
 51296 | D:27     | Reached XP level 21. HP: 170/192 MP: 12/12
 51297 | D:27     | Gained mutation: Your magical capacity is low (-10% MP).
 51298 | D:27     | Gained mutation: You are dopey (Int -1).
 51299 | D:27     | Gained mutation: You can spit poison.
 51995 | Crypt:1  | Entered Level 1 of the Crypt
 52083 | Crypt:1  | Found a shimmering altar of Xom.
 52381 | Crypt:1  | Received a gift from Trog
 53103 | Crypt:2  | You fall through a shaft!
 53431 | Crypt:3  | Found an ancient bone altar of Kikubaaqudgha.
 53616 | Crypt:3  | Found a staircase to the Tomb.
 54403 | Crypt:4  | You fall through a shaft!
 54403 | Crypt:5  | Entered Level 5 of the Crypt
 54696 | Crypt:4  | Got a slimy cloak
 54697 | Crypt:4  | Identified the cursed -2 cloak of Articulation (You found it on level 4 of the Crypt)
 54946 | Crypt:5  | Reached skill level 24 in Unarmed Combat
 55030 | Crypt:5  | Reached skill level 4 in Armour
 55217 | Crypt:5  | Reached skill level 13 in Shields
 55241 | Crypt:5  | Noticed a lich
 55241 | Crypt:5  | Noticed an ancient lich
 55270 | Crypt:5  | Defeated an ancient lich
 55284 | Crypt:5  | Defeated a lich
 55294 | Crypt:5  | Got a fine platinum amulet
 55715 | Crypt:5  | Defeated a fountain mimic
 55965 | Crypt:3  | Received a gift from Trog
 56124 | D:18     | Reached XP level 22. HP: 194/194 MP: 10/10
 56335 | Lair:2   | Identified the amulet of Nobility (You found it on level 5 of the Crypt)
 56503 | Elf:1    | Entered Level 1 of the Elven Halls
 56738 | Elf:1    | Received a gift from Trog
 56794 | Elf:1    | Received a gift from Trog
 56982 | Elf:1    | Found Gufihaif's Jewellery Boutique.
 56993 | Elf:1    | Bought the ring "Shamek" {+Blink rElec rC+ Int+2 Acc-1 Dam+4} for 1159 gold pieces
 57056 | Elf:1    | Reached XP level 21. HP: 188/188 MP: 9/9
 57402 | Elf:2    | Noticed Nessos
 57411 | Elf:2    | Defeated Nessos
 57798 | Elf:3    | Received a gift from Trog
 58372 | Elf:4    | Noticed Nikola
 58396 | Elf:4    | Defeated Nikola
 58396 | Elf:4    | Reached XP level 22. HP: 169/194 MP: 10/10
 58427 | Elf:4    | Noticed Azrael
 58438 | Elf:4    | Defeated Azrael
 58587 | Elf:4    | Received a gift from Trog
 58635 | Elf:4    | Noticed Saint Roka
 58650 | Elf:4    | Defeated Saint Roka
 58718 | Elf:4    | Found Sheo's Weapon Emporium.
 58720 | Elf:4    | Received a gift from Trog
 59262 | Shoals:1 | Entered Level 1 of the Shoals
 59307 | Shoals:2 | Noticed Polyphemus
 59340 | Shoals:1 | Reached skill level 13 in Fighting
 59361 | Shoals:2 | Defeated Polyphemus
 59599 | Shoals:1 | You fall through a shaft!
 59839 | Shoals:4 | Noticed Boris
 59921 | Shoals:4 | Defeated Boris
 59949 | Shoals:5 | Entered Level 5 of the Shoals
 59993 | Shoals:5 | Reached skill level 1 in Invocations
 60045 | Shoals:5 | Got a brightly glowing mottled dragon armour
 60111 | Shoals:5 | Received a gift from Trog
 60218 | Shoals:5 | Got a barnacled rune of Zot
 60530 | Swamp:1  | Entered Level 1 of the Swamp
 60553 | Swamp:1  | Noticed Louise
 60564 | Swamp:1  | Defeated Louise
 60594 | Swamp:2  | Reached skill level 25 in Unarmed Combat
 60608 | Swamp:2  | Reached skill level 5 in Armour
 60618 | Swamp:2  | Received a gift from Trog
 60865 | Swamp:5  | Entered Level 5 of the Swamp
 61061 | Swamp:5  | Received a gift from Trog
 61332 | Swamp:5  | Got a decaying rune of Zot
 62082 | Vault:7  | Found Toteadej's Magical Wand Shoppe.
 62194 | Vault:7  | Bought a wand of healing (3) for 460 gold pieces
 62194 | Vault:7  | Bought a wand of healing (3) for 460 gold pieces
 62397 | Vault:7  | Received a gift from Trog
 62657 | Vault:7  | Reached XP level 23. HP: 193/205 MP: 10/10
 62667 | Vault:8  | Entered Level 8 of the Vaults
 62824 | Vault:7  | Reached skill level 14 in Shields
 63263 | Vault:8  | Reached skill level 6 in Armour
 63417 | Vault:7  | Reached skill level 26 in Unarmed Combat
 63483 | Vault:7  | Received a gift from Trog
 64102 | Vault:8  | Noticed a deep elf death mage
 64113 | Vault:8  | Reached XP level 22. HP: 188/298 MP: 9/9
 64130 | Vault:8  | Defeated a deep elf death mage
 64307 | Vault:8  | A manticore changed into a guardian serpent
 64308 | Vault:8  | Defeated a guardian serpent
 64312 | Vault:8  | Noticed a shining eye
 64312 | Vault:8  | A shining eye changed into a merfolk
 64345 | Vault:8  | A slime creature changed into a pulsating lump
 64348 | Vault:8  | A pulsating lump changed into a sea snake
 64397 | Vault:8  | A frost giant changed into a golden dragon
 64398 | Vault:8  | A golden dragon changed into a shadow dragon
 64401 | Vault:8  | A shadow dragon changed into an iron dragon
 64403 | Vault:8  | An iron dragon changed into an elephant slug
 64529 | Vault:8  | Got a silver rune of Zot
 65093 | Lair:2   | Identified the +1 mottled dragon armour of Least Resistance (You found it on level 5 of the Shoals)
 65518 | Zot:1    | Entered Level 1 of the Realm of Zot
 65600 | Zot:1    | Reached XP level 23. HP: 183/205 MP: 10/10
 65767 | Zot:2    | Reached skill level 13 in Dodging
 65773 | Zot:3    | Reached skill level 7 in Armour
 65790 | Zot:3    | Received a gift from Trog
 65978 | Zot:5    | Entered Level 5 of the Realm of Zot
 66087 | Zot:5    | Noticed an orb of fire
 66087 | Zot:5    | Gained mutation: You have a pair of small antennae on your head.
 66099 | Zot:5    | Reached skill level 27 in Unarmed Combat
 66103 | Zot:5    | Gained mutation: You are dopey (Int -2).
 66106 | Zot:5    | Gained mutation: You tend to lose your temper in combat.
 66108 | Zot:5    | Lost mutation: You can spit poison.
 66108 | Zot:5    | Lost mutation: You are dopey (Int -2).
 66108 | Zot:5    | Lost mutation: You have a pair of small antennae on your head.
 66109 | Zot:5    | Lost mutation: You tend to lose your temper in combat.
 66109 | Zot:5    | Lost mutation: Your magical capacity is low (-10% MP).
 66245 | Zot:5    | Reached skill level 2 in Evocations
 66253 | Zot:5    | Noticed an ancient lich
 66460 | Zot:5    | Reached skill level 14 in Fighting
 66546 | Zot:5    | Noticed an orb of fire
 66548 | Zot:5    | Gained mutation: Your magical capacity is low (-10% MP).
 66549 | Zot:5    | Gained mutation: You are weak (Str -1).
 66552 | Zot:5    | Gained mutation: Your body is slowly deteriorating.
 66561 | Zot:5    | Gained mutation: You tend to lose your temper in combat.
 66564 | Zot:5    | Gained mutation: Your magical capacity is very low (-20% MP).
 66569 | Zot:5    | Noticed an orb of fire
 66572 | Zot:5    | Gained mutation: You sometimes yell uncontrollably.
 66573 | Zot:5    | Defeated an orb of fire
 66574 | Zot:5    | Gained mutation: Armour fits poorly on your unusually shaped body.
 66589 | Zot:5    | Gained mutation: You are dopey (Int -2).
 66595 | Zot:5    | Gained mutation: Your magical capacity is extremely low (-30% MP).
 66599 | Zot:5    | Gained mutation: You frequently scream uncontrollably.
 66602 | Zot:5    | Gained mutation: You cover ground slowly.
 66613 | Zot:5    | Defeated an orb of fire
 66750 | Zot:5    | Defeated an orb of fire
 66847 | Zot:5    | Received a gift from Trog
 66863 | Zot:5    | Defeated an ancient lich
 67256 | Zot:5    | Got the Orb of Zot
 67288 | Zot:4    | Reached XP level 24. HP: 203/217 MP: 9/9
 67599 | D:21     | Reached skill level 8 in Armour
 67926 | D:$      | Escaped with the Orb!
